 Dungeon Crawl Stone Soup version 0.30.1-11-g7821555f0a (webtiles) character file.

Game seed: 16188247193070107238

181 CaptainMV the Shooter (level 5, -7/44 HPs)
             Began as a Naga Wanderer on Nov 7, 2023.
             Was an Initiate of Sif Muna.
             Killed by an exploding ball python (50 damage)
             ... ignited by their inner flame
             ... on level 3 of the Dungeon.
             The game lasted 00:24:01 (1646 turns).

CaptainMV the Shooter (Naga Wanderer)               Turns: 1646, Time: 00:24:01

Health: -7/44      AC:  4    Str: 13    XL:     5   Next: 61%
Magic:  6/7        EV:  9    Int: 10    God:    Sif Muna [......]
Gold:   80         SH:  0    Dex: 16    Spells: 3/7 levels left

rFire   . . .        b - +0 short sword (venom)
rCold   . . .        f - orb {*Rage}
rNeg    . . .        e - +0 leather armour
rPois   +            (no helmet)
rElec   .            c - +0 cloak
rCorr   .            (no gloves)
SInv    +            (no barding)
Will    .....        g - amulet of magic regeneration
Stlth   ++           (no ring)
HPRegen 0.27/turn    (no ring)
MPRegen 0.50/turn

%: random rage (20%)
@: very slow
A: AC +1, large, see invisible, deformed body, poison resistance, slowness 2,
spit poison 1, naga tail 1
a: Spit Poison, Renounce Religion


You were on level 3 of the Dungeon.
You worshipped Sif Muna.
Sif Muna was noncommittal.
You visited 1 branch of the dungeon, and saw 3 of its levels.

You collected 80 gold pieces.

Inventory:

Hand Weapons
 a - a +2 sling
 b - a +0 short sword of venom (weapon)
Missiles
 d - 11 poisoned darts
Armour
 c - a +0 cloak (worn)
 e - a +0 leather armour (worn)
 f - an orb of wrath (worn)
Magical Staves
 o - a staff of death
 p - a staff of cold
Jewellery
 g - an amulet of magic regeneration (around neck)
 i - a ring of positive energy
 n - a ring of resist corrosion
Scrolls
 m - a scroll of poison
Potions
 h - 4 potions of brilliance {unknown}
 j - a potion of resistance {unknown}
 k - a potion of mutation {unknown}
 l - a potion of heal wounds {unknown}


   Skills:
 + Level 1.1 Fighting
 + Level 0.1 Short Blades
 + Level 3.0 Staves
 + Level 5.5 Ranged Weapons
 + Level 1.0 Armour
 + Level 0.2 Dodging
 + Level 3.3 Stealth
 + Level 1.8 Spellcasting
 + Level 1.0 Conjurations
 + Level 0.3 Hexes
 + Level 0.4 Fire Magic
 + Level 0.8 Air Magic


You had 3 spell levels left.
You knew the following spells:

 Your Spells              Type           Power      Damage    Failure   Level
a - Shock                 Conj/Air       8%         1d3       28%         1
b - Inner Flame           Hex/Fire       1%         N/A       71%         3

Your spell library contained the following spells:

 Spells                   Type           Power      Damage    Failure   Level
 Magic Dart               Conj           8%         1d3       26%         1
 Apportation              Tloc           0%         N/A       38%         1
 Call Imp                 Summ           0%         N/A       52%         2
 Swiftness                Air            2%         N/A       63%         3
 Mephitic Cloud           Conj/Pois/Air  2%         N/A       67%         3
 Airstrike                Air            1%         2d(1-17)  95%         4
 Flame Wave               Conj/Fire      2%         2d4       97%         4
 Sticky Flame             Conj/Fire      2%         2d3       97%         4


Dungeon Overview and Level Annotations

Branches:
Dungeon (3/15)

Altars:
Kikubaaqudgha
Sif Muna
Vehumet

Shops:
D:1 !


Innate Abilities, Weirdness & Mutations

Your serpentine skin is tough. (AC +1)
You have supernaturally acute eyesight. (SInv)
Armour fits poorly on your strangely shaped body.
Your system is resistant to poisons. (rPois)
You cover ground very slowly.
You can spit poison.
You have a snake-like lower body.


Message History

The adder barely misses you.
You closely miss the adder.
The adder is severely wounded.
You kill the adder!
Sif Muna accepts your kill.
Your Armour skill increases to level 1!
You see here an adder corpse.
Your +0 short sword of venom stops dripping with poison.
a - a +2 sling (weapon)
Found a curved smoking staff and a thin smoking staff.
Found a stone staircase leading up.
Found an escape hatch in the floor.
You see here a staff of death.
o - a staff of death Your magical contamination has completely faded away.
You see here a staff of cold.
p - a staff of cold A ball python comes into view.
Casting: Inner Flame (quite dangerous; 71% risk of failure)
Confirm with . or Enter, or press ? or * to list all spells.
The spell is quite dangerous to miscast (71% risk of failure)!
Continue anyway?
Aiming: Inner Flame (quite dangerous; 71% risk of failure)
Press: ? - help, Dir - move target, f - ball python
Aim: a ball python (asleep, chance to affect: 53%)
The ball python hisses angrily.
The ball python is filled with an inner flame.
A giant cockroach comes into view.
Your +0 short sword of venom begins to drip with poison!
b - a +0 short sword of venom (weapon)
You closely miss the ball python. The ball python closely misses you.
You closely miss the ball python.
The ball python bites you but does no damage. x2
The ball python attacks as you move away!
The ball python bites you.
You hit the ball python. Sif Muna accepts your kill.
The ball python explodes!
The fiery explosion engulfs you!!!
Ouch! That really hurt!
You die...

.......#........##
#......
......##..##.#...##
#######
...†.......#...#..###
....................#
.....##.........##.<#
.....# #........#
#.... #.#.[#
........## #....
#....# >........#
###. ###..#
###..###@# .....[
#... #§# ###....
........B§...... ..
..##.....###.... ###
.......... ##
.###.#### .. ##


You could see a giant cockroach.

Vanquished Creatures
  A black bear (D:3)
  3 adders
  2 worms
  A dart slug (D:3)
  6 bats
  4 endoplasms
  3 giant cockroaches
  8 goblins
  5 hobgoblins
  2 jackals (D:3)
  A quokka (D:3)
  6 ball pythons
  2 frilled lizards
  9 kobolds
  3 rats
56 creatures vanquished.

Notes
Turn   | Place    | Note
-------+----------+-------------------------------------------
     0 | D:1      | CaptainMV the Naga Wanderer began the quest for the Orb.
     0 | D:1      | CaptainMV set off with the following items: a +2 sling, a
                  | +0 quarterstaff, a +0 cloak, a potion of attraction, a +0
                  | leather armour.
     0 | D:1      | Reached XP level 1. HP: 15/15 MP: 1/1
   129 | D:1      | Reached XP level 2. HP: 22/22 MP: 2/2
   132 | D:1      | Learned a level 1 spell: Shock
   189 | D:1      | Reached skill level 5 in Ranged Weapons
   333 | D:1      | Found Bakaciu's Distillery.
   633 | D:2      | Reached XP level 3. HP: 28/28 MP: 1/3
   684 | D:2      | Found a faded altar of an unknown god.
   685 | D:2      | Noticed an eye of devastation
   687 | D:2      | Noticed an eye of devastation
   687 | D:2      | Noticed a great orb of eyes
   687 | D:2      | Noticed a great orb of eyes
  1283 | D:3      | Reached XP level 4. HP: 37/37 MP: 2/5
  1289 | D:3      | Learned a level 3 spell: Inner Flame
  1307 | D:3      | Reached skill level 1 in Spellcasting
  1383 | D:3      | Noticed a black bear
  1406 | D:3      | Killed a black bear
  1407 | D:3      | Reached skill level 1 in Fighting
  1407 | D:3      | Reached XP level 5. HP: 26/44 MP: 5/7
  1494 | D:3      | Found a shimmering blue altar of Sif Muna.
  1494 | D:3      | Found an ancient bone altar of Kikubaaqudgha.
  1500 | D:3      | Found a radiant altar of Vehumet.
  1505 | D:3      | Got Sif Muna's Lessons on Displacement
  1524 | D:3      | Became a worshipper of Sif Muna the Loreminder
  1562 | D:3      | Reached skill level 1 in Conjurations
  1624 | D:3      | Reached skill level 1 in Armour
  1646 | D:3      | Killed by an exploding ball python... ignited by their
                  | inner flame

Illustrated notes

Levels and vault maps discovered:
D:1:      dpeg_arrival_pits, layout_basic, serial_shops,
          nicolae_shop_window_shopping
D:2:      layout_basic, hellmonk_ecumenical_altar_watching_god
D:3:      layout_rooms, grunt_temple_overflow_magic_moments

Skill      XL: |  1  2  3  4  5 |
---------------+----------------+-----
Ranged Weapons | 5 |  5.5
Spellcasting   | 1 |  1.8
Fighting       | 1 |  1.1
Conjurations   | 1 |  1.0
Armour         | 1 |  1.0
Short Blades   | |  0.1
Staves         | |  3.0
Dodging        | |  0.2
Stealth        | |  3.3
Hexes          | |  0.3
Fire Magic     | |  0.4
Air Magic      | |  0.8

Action                     |  1- 3 |  4- 6 || total
---------------------------+-------+-------++-------
  Melee: Short sword       |    45 |    17 ||    62
         Spear             |     1 |       ||     1
   Fire: Sling             |    34 |    24 ||    58
   Cast: Shock             |    23 |     6 ||    29
         Inner Flame       |       |     2 ||     2
Ability: Spit Poison       |     1 |       ||     1
    Use: Scroll            |     3 |       ||     3
   Stab: Sleeping          |     2 |       ||     2
 Armour: Leather armour    |    17 |    15 ||    32
  Dodge: Dodged            |    32 |    16 ||    48
